 Dungeon Crawl Stone Soup version 0.19-a0-1886-gd64a0f0 (webtiles) character file.

145 Psiweapon the Slasher (level 5, -5/38 HPs)
             Began as a Vampire Gladiator on Oct 16, 2016.
             Slain by Tekks's ghost (13 damage)
             ... on level 3 of the Dungeon.
             The game lasted 00:05:40 (2064 turns).

Psiweapon the Slasher (Vampire Gladiator)           Turns: 2064, Time: 00:05:42

Health: -5/38      AC:  0    Str: 14    XL:     5   Next: 6%
Magic:  3/5        EV: 23    Int: 11    God:
Gold:   104        SH:  0    Dex: 20    Spells: 0 memorised, 4 levels left

rFire  . . .     SeeInvis +     (weapon currently unavailable)
rCold  . . .     Gourm    .     (armour currently unavailable)
rNeg   + . .     Faith    .     (shield currently unavailable)
rPois  .         Spirit   .     (helmet currently unavailable)
rElec  .         Dismiss  .     (cloak currently unavailable)
rCorr  .         Reflect  .     (gloves currently unavailable)
MR     .....     Harm     .     (boots currently unavailable)
Stlth  ++++......               (no amulet)
                                (ring currently unavailable)
                                (ring currently unavailable)

@: bat-form, flying, very quick
A: fangs 3, see invisible, (unbreathing)
a: End Transformation


You were on level 3 of the Dungeon.
You were not thirsty.
You were in vampire-bat-form.
You visited 1 branch of the dungeon, and saw 3 of its levels.

You collected 104 gold pieces.

Inventory:

Hand Weapons
 a - a +0 long sword (melded)
 i - a cursed -2 dagger
 l - a +0 short sword
 t - a +0 hunting sling
Missiles
 d - 3 throwing nets (quivered)
 u - 16 stones
Armour
 b - a +0 leather armour (melded)
 c - a +0 helmet
 q - a +1 helmet (melded)
 v - a cursed +0 cloak (melded)
Scrolls
 f - 2 scrolls of teleportation {unknown}
 j - a scroll of blinking {unknown}
 k - a scroll of fog {unknown}
 m - a scroll of amnesia {unknown}
 n - 4 scrolls of identify {unknown}
 p - a scroll of fear {unknown}
 r - a scroll of remove curse {unknown}
Potions
 e - 13 potions of blood
 g - 2 potions of curing {unknown}
 h - a potion of brilliance {unknown}
 o - a potion of invisibility {unknown}
 s - a potion of degeneration {unknown}


   Skills:
 - Level 1.7 Fighting
 * Level 5.1 Long Blades
 - Level 1.5 Throwing
 + Level 4.4 Dodging


You had 4 spell levels left.
You didn't know any spells.

Dungeon Overview and Level Annotations

Branches:
Dungeon (3/15)

Altars:

Annotations:
D:3 Tekks's ghost, amateur HOFi


Innate Abilities, Weirdness & Mutations

You have razor-sharp teeth.
You have supernaturally acute eyesight. (SInv)
((You can survive without breathing.))


Message History

Tekks's ghost is moderately damaged.
Tekks's ghost closely misses you.
You closely miss Tekks's ghost.
Tekks's ghost is moderately damaged.
Tekks's ghost hits you.
You barely miss Tekks's ghost.
Tekks's ghost is moderately damaged.
Tekks's ghost misses you.
You hit Tekks's ghost.
Tekks's ghost is moderately damaged.
Tekks's ghost hits you.
You are electrocuted!
* * * LOW HITPOINT WARNING * * *
Tekks's ghost closely misses you.
You turn into a vampire bat.
Your +0 long sword melds into your body.
Your cursed +0 cloak melds into your body.
Your +1 helmet melds into your body.
Your +0 leather armour melds into your body.
Tekks's ghost hits you!
You die...

# .# # # ?.
#. .#.#.#
#.# #.((..#
..#
##WS.....
#.# ##b#
#.###.##
#.#.## #
###..##
#.#....#
##.#.#.##
###(...#.###
#..........#
#........#.#


You could see Tekks's ghost and an adder.

Vanquished Creatures
  Terence (D:3)
  6 adders (D:2)
  A worm (D:2)
  3 dart slugs
  5 bats
  8 goblins
  7 hobgoblins
  9 jackals (D:1)
  4 kobolds
  A quokka (D:2)
  4 frilled lizards
  6 rats
55 creatures vanquished.

Notes
Turn   | Place    | Note
-------+----------+-------------------------------------------
     0 | D:1      | Psiweapon the Vampire Gladiator began the quest for the Orb.
     0 | D:1      | Reached XP level 1. HP: 16/16 MP: 1/1
   197 | D:1      | Reached XP level 2. HP: 22/22 MP: 2/2
   403 | D:2      | Reached XP level 3. HP: 27/27 MP: 3/3
   418 | D:2      | Reached skill level 4 in Long Blades
   986 | D:1      | Reached XP level 4. HP: 33/33 MP: 4/4
  1383 | D:3      | Noticed Terence
  1393 | D:3      | Killed Terence
  1537 | D:2      | Reached skill level 5 in Long Blades
  1701 | D:2      | Reached XP level 5. HP: 36/38 MP: 5/5
  2051 | D:3      | Noticed Tekks's ghost (amateur HOFi)
  2064 | D:3      | Slain by Tekks's ghost

Vault maps used:
D:1:      lemuel_arrival_lava_pool
D:2:      wad_crossroads, minmay_tetromino_s4
D:3:      nicolae_overflow_crystal_walls,
          grunt_temple_overflow_lords_of_destruction, uniq_crazy_yiuf_cottage,
          uniq_robin, uniq_terence

Skill      XL: |  1  2  3  4 |
---------------+-------------+-----
Long Blades    | 4 5 |  5.1
Dodging        | 4 |  4.4
Fighting       | |  1.7
Throwing       | |  1.5

Action                   |  1- 3 |  4- 6 || total
-------------------------+-------+-------++-------
Melee: Long sword        |    78 |    78 ||   156
       Bite              |     5 |    10 ||    15
 Fire: Hunting sling     |       |     3 ||     3
 Abil: Bat Form          |       |     1 ||     1
  Eat: Corpse            |    10 |       ||    10
Armor: Leather armour    |    18 |    14 ||    32
Dodge: Dodged            |    51 |    72 ||   123
       Rpst.: Long sword |    16 |    23 ||    39
